Map: Backwater LE

Players

Pikiberumen - Winner!

  • Race: Zerg Zerg
  • League: Silver
  • Spawn Location: 11:00

CinDra

  • Race: Zerg Zerg
  • League: Silver
  • Spawn Location: 5:00

VOD

Have the link to the VOD?

Description

Time

  • Played on: Feb. 12, 2018, 4:43 p.m.
  • Length: 15:21
Show
View Real Time Build Order
Export as new Build Order

Pikiberumen Zerg - Winner!

Build Orders: Pool First 

Get SALT Encoding   

  12  0:05  Drone  
  13  0:13  Overlord  
  13  0:19  Drone  
  14  0:37  Spawning Pool  
  14  0:39  Drone  
  14  0:43  Drone  
  14  0:47  Drone  
  16  0:53  Drone  
  17  1:15  Hatchery  
  16  1:20  Drone  
  16  1:23  Extractor  
  16  1:25  Zergling x4  
  18  1:36  Drone  
  18  1:39  Queen  
  21  1:46  Overlord  
  21  1:58  Drone  
  22  2:11  Drone  
  23  2:24  Drone  
  23  2:27  Zergling x2  
  23  2:29  Queen  
  27  2:31  Drone  
  28  2:42  Drone  
  28  2:43  Drone  
  30  2:49  Overlord  
  30  2:50  Drone  
  31  2:59  Zergling x4  
  31  3:02  Metabolic Boost  
  33  3:10  Zergling x4  
  33  3:11  Zergling x2, Overlord  
  36  3:33  Hatchery  
  35  3:39  Pneumatized Carapace, Spine Crawler  
  34  3:43  Drone x2  
  34  3:44  Drone x4  
  40  3:50  Overlord x2  
  40  3:53  Drone  
  40  3:55  Drone  
  42  3:58  Drone  
  42  4:06  Zergling x2  
  42  4:09  Zergling x4  
  45  4:19  Zergling x2  
  45  4:20  Zergling x8  
  50  4:34  Drone x3  
  50  4:35  Drone  
  53  4:46  Queen  
  53  4:48  Drone  
  53  4:49  Drone x3  
  53  4:51  Overlord  
  59  4:59  Drone x2  
  61  5:03  Zergling x12  
  53  5:20  Baneling Nest  
  53  5:21  Zergling x6  
  53  5:22  Zergling x6  
  58  5:30  Zergling x4  
  58  5:33  Queen  
  62  5:36  Zergling x2  
  62  5:37  Zergling x2  
  62  5:41  Zergling x2  
  65  5:51  Zergling x4  
  65  5:52  Zergling x10  
  65  5:55  Overlord x2  
  72  6:01  Drone  
  73  6:09  Zergling x2  
  74  6:13  Lair  
  74  6:25  Zergling x8  
  77  6:26  Zergling x4  
  77  6:27  Overlord x3  
  77  6:29  Zergling x4  
  77  6:32  Baneling x5  
  82  6:33  Baneling x4  
  82  6:39  Drone x3  
  85  6:57  Zergling x12  
  60  7:25  Zergling x10  
  60  7:26  Zergling x6  
  66  7:31  Zergling x2  
  67  7:44  Hydralisk Den  
  66  7:48  Drone x5  
  66  7:50  Extractor  
  68  7:52  Extractor  
  68  7:56  Zergling x2  
  64  8:13  Zergling x4, Extractor  
  64  8:14  Zergling x8  
  69  8:21  Zergling x6  
  72  8:34  Hydralisk x2  
  72  8:35  Hydralisk  
  72  8:40  Grooved Spines  
  72  8:41  Zergling x10  
  80  8:42  Zergling x6  
  86  8:54  Hatchery  
  85  9:01  Zergling x6  
  85  9:02  Zergling x6, Evolution Chamber  
  90  9:04  Evolution Chamber  
  90  9:08  Hatchery  
  88  9:22  Zergling x8  
  88  9:23  Zergling x10  
  88  9:24  Zergling x4  
  99  9:28  Hydralisk  
  101  9:32  Zerg Ground Armor Level 1  
  101  9:34  Zerg Melee Weapons Level 1  
  101  9:51  Muscular Augments  
  101  9:55  Hydralisk x4  
  101  9:56  Hydralisk x2  
  101  9:58  Overlord x2  
  113  10:00  Centrifical Hooks  
  113  10:03  Baneling x4  
  113  10:04  Baneling x3  
  113  10:05  Baneling  
  113  10:06  Hydralisk  
  115  10:17  Hydralisk x2  
  115  10:19  Hydralisk  
  121  10:26  Drone x3  
  121  10:27  Drone x3  
  127  10:40  Drone  
  127  10:41  Drone x5  
  127  10:42  Drone  
  90  11:01  Zergling x10  
  90  11:02  Zergling x10  
  92  11:06  Zergling x4  
  78  11:19  Zergling x10  
  78  11:25  Zergling x8  
  87  11:32  Hydralisk x3  
  87  11:35  Queen  
  91  11:52  Hydralisk x4  
  91  11:53  Hydralisk x6  
  91  11:54  Hydralisk x5  
  109  11:55  Hydralisk  
  123  12:01  Zerg Missile Weapons Level 1  
  115  12:23  Zergling x4  
  115  12:24  Zergling x12  
  115  12:25  Zergling x12  
  115  12:26  Zergling x4  
  130  12:31  Hydralisk x2  
  134  12:38  Lurker Den  
  124  12:51  Baneling x2  
  124  12:52  Baneling  
  124  12:54  Zergling x6  
  124  12:55  Zergling x2, Hydralisk x2  
  124  12:57  Overlord x3  
  132  13:08  Extractor  
  132  13:11  Extractor  
  120  13:20  Burrow  
  120  13:23  Hydralisk x2  
  120  13:24  Hydralisk  
  127  13:27  Zergling x10  
  127  13:28  Zergling x10  
  127  13:29  Zergling x4  
  138  13:48  Zergling x10  
  142  13:49  Zergling x6  
  146  13:58  Zergling x4  
  146  13:59  Zergling x6  
  151  14:15  Hydralisk x3  
  157  14:18  Overlord x4  
Show
View Real Time Build Order
Export as new Build Order

CinDra Zerg 

Build Orders: Hatch First 

Get SALT Encoding   

  12  0:01  Drone  
  13  0:13  Overlord  
  13  0:17  Drone  
  14  0:32  Drone x2  
  16  0:36  Drone  
  17  0:47  Drone  
  18  0:59  Hatchery  
  17  1:05  Drone  
  17  1:10  Drone  
  19  1:18  Spawning Pool  
  19  1:19  Drone  
  19  1:28  Extractor  
  19  1:29  Drone  
  19  1:40  Drone  
  20  1:51  Drone  
  21  2:02  Drone  
  22  2:10  Queen  
  22  2:12  Overlord  
  24  2:19  Queen  
  24  2:21  Drone  
  27  2:28  Drone  
  28  2:30  Overlord  
  28  2:35  Zergling x2  
  28  2:36  Zergling x2  
  30  2:42  Extractor  
  29  2:46  Metabolic Boost  
  29  2:47  Overlord  
  29  2:49  Zergling x2  
  30  3:01  Drone x2  
  32  3:09  Drone x2  
  34  3:19  Drone x2  
  36  3:37  Roach Warren  
  36  3:38  Queen  
  37  3:48  Drone x4  
  39  3:49  Drone, Overlord  
  42  4:12  Zergling x4  
  42  4:13  Zergling x8  
  42  4:14  Zergling x2  
  49  4:35  Zergling x4  
  49  4:36  Zergling x4  
  50  4:41  Zergling x12  
  56  4:46  Extractor  
  56  4:49  Pneumatized Carapace, Extractor  
  56  4:50  Lair  
  47  5:23  Drone  
  47  5:24  Drone x9  
  47  5:25  Drone  
  58  5:33  Overlord  
  58  5:52  Drone x2  
  58  5:54  Overlord x2  
  58  5:56  Roach x3  
  66  5:59  Zergling x2  
  66  6:00  Glial Reconstitution  
  67  6:07  Hydralisk Den  
  66  6:11  Drone  
  66  6:17  Roach x2  
  66  6:18  Roach  
  73  6:21  Queen  
  73  6:24  Overseer x3  
  75  6:32  Overlord  
  75  6:33  Overlord  
  75  6:34  Zergling x2  
  75  6:35  Zergling x12  
  75  7:13  Zergling x2  
  75  7:14  Zergling x18  
  60  7:40  Roach  
  60  7:41  Roach x3  
  68  7:45  Muscular Augments  
  68  8:35  Evolution Chamber  
  68  8:39  Evolution Chamber  
  68  8:41  Hydralisk x3  
  66  8:42  Hydralisk x7  
  86  8:56  Grooved Spines  
  86  8:57  Hatchery  
  85  9:09  Drone  
  86  9:27  Hydralisk x5  
  86  9:28  Hydralisk x2  
  86  9:29  Overlord x3  
  100  9:34  Zerg Missile Weapons Level 1, Zerg Ground Armor Level 1  
  100  9:41  Infestation Pit  
  99  10:00  Hydralisk x6  
  111  10:08  Drone x3  
  114  10:17  Zergling x2  
  114  10:18  Zergling x16  
  123  10:22  Hive  
  92  11:02  Hydralisk x5  
  92  11:03  Hydralisk x10  
  110  11:23  Zergling x2  
  110  11:24  Zergling x10  
  116  11:31  Zerg Missile Weapons Level 2, Zerg Ground Armor Level 2  
  116  11:39  Extractor x2  
  112  11:52  Roach x5  
  122  11:54  Overlord x2  
  122  11:55  Overlord x2  
  94  12:30  Overlord  
  94  12:31  Overlord, Hydralisk  
  94  12:32  Hydralisk x6  
  107  12:46  Roach  
  107  12:47  Roach x2  
  113  13:07  Roach x6  
  120  14:00  Drone x14  
  120  14:01  Drone  
  120  14:02  Overlord  
  107  14:46  Hydralisk x7  
  107  14:47  Hydralisk x5  
Tags
 
Add a new tag
Caveats
  • Supply blocks, unpowered buildings, or Contaminate may cause inaccurate times.
  • Supply counts are checked every 10 seconds.